[Event "International Championship of Central S"]
[Site "Paracin"]
[Date "2014.07.08"]
[Round "6.1"]
[White "Atalik, Suat"]
[Black "Rapport, Richard"]
[Result "1/2-1/2"]
[ECO "A89"]
[WhiteElo "2550"]
[BlackElo "2701"]
[Annotator "Boban,Milojevic"]
[PlyCount "39"]
[EventDate "2014.??.??"]
[TimeControl "6000+490"]
[WhiteClock "1:06:02"]
[BlackClock "1:03:26"]

1. d4 d6 2. Nf3 g6 3. c4 f5 4. Nc3 Nf6 5. g3 Bg7 6. Bg2 O-O 7. O-O Nc6 8. d5
Ne5 9. Qb3 Nfd7 10. Be3 b6 11. Nb5 Nc5 12. Qc2 Bd7 13. Nxe5 Bxe5 14. f4 Bf6 15.
b4 Ne4 16. Nd4 c5 17. dxc6 Bxd4 18. Bxd4 Bxc6 19. Rfd1 Qe8 20. a4 1/2-1/2

[Event "International Championship of Central S"]
[Site "Paracin"]
[Date "2014.07.08"]
[Round "6.2"]
[White "Damljanovic, Branko"]
[Black "Tomic, Bosko"]
[Result "1-0"]
[ECO "E91"]
[WhiteElo "2562"]
[BlackElo "2450"]
[Annotator "Boban,Milojevic"]
[PlyCount "86"]
[EventDate "2014.??.??"]
[TimeControl "6000+1175"]
[WhiteClock "0:00:47"]

1. d4 Nf6 2. c4 g6 3. Nc3 Bg7 4. e4 O-O 5. Nf3 d6 6. Be2 c5 7. d5 e6 8. Nd2 Re8
9. O-O Na6 10. dxe6 Bxe6 11. Nb3 Qb6 12. Bg5 Bd7 13. f3 Nc7 14. a4 Ne6 15. a5
Qc7 16. Be3 Bc6 17. Qd2 Qe7 18. Rae1 Rad8 19. Bd1 Nd7 20. Nd5 Qf8 21. f4 Bxd5
22. cxd5 Nc7 23. Bf2 f5 24. e5 dxe5 25. d6 Ne6 26. Qd5 Nf6 27. Qc4 Nd7 28. Nxc5
Ndxc5 29. Bxc5 e4 30. Ba4 Kh8 31. Ba3 Qf7 32. Bxe8 Qxe8 33. Qd5 Qd7 34. Rc1 h5
35. Rc4 h4 36. g3 h3 37. Rfc1 Kh7 38. b3 Kh6 39. Kf1 Bf6 40. Ke2 Qf7 41. Ke1
Bg7 42. R1c2 Rd7 43. Rc7 Qe8 1-0

[Event "International Championship of Central S"]
[Site "Paracin"]
[Date "2014.07.08"]
[Round "6.3"]
[White "Liou, Yian"]
[Black "Chandra, Akshat"]
[Result "1/2-1/2"]
[ECO "B40"]
[WhiteElo "2387"]
[BlackElo "2442"]
[Annotator "Boban,Milojevic"]
[PlyCount "73"]
[EventDate "2014.??.??"]
[TimeControl "6000+870"]
[WhiteClock "0:12:39"]
[BlackClock "0:04:18"]

1. e4 c5 2. Nf3 e6 3. b3 a6 4. Bb2 Nc6 5. g3 d5 6. exd5 exd5 7. Bg2 Qe7+ 8. Qe2
Qxe2+ 9. Kxe2 Bf5 10. Kd1 O-O-O 11. h3 Nb4 12. Na3 d4 13. Re1 Ne7 14. Ne5 Be6
15. d3 Ng6 16. Nac4 Nxe5 17. Rxe5 Kc7 18. a4 Bd6 19. Re1 Bd5 20. Bxd5 Nxd5 21.
Kd2 b6 22. c3 dxc3+ 23. Bxc3 f6 24. Re6 Rd7 25. Kc2 Rhd8 26. Rae1 Kb7 27. Re8
Bc7 28. Rxd8 Rxd8 29. Re6 Kc8 30. Bd2 Kd7 31. Re4 Re8 32. Ne3 Nxe3+ 33. Bxe3
Rxe4 34. dxe4 Kc6 35. Kd3 b5 36. axb5+ axb5 37. f4 1/2-1/2

[Event "International Championship of Central S"]
[Site "Paracin"]
[Date "2014.07.08"]
[Round "6.4"]
[White "Markus, Robert"]
[Black "Zajic, Milan"]
[Result "1-0"]
[ECO "D10"]
[WhiteElo "2607"]
[BlackElo "2415"]
[Annotator "Boban,Milojevic"]
[PlyCount "63"]
[EventDate "2014.??.??"]
[TimeControl "6000+1025"]
[WhiteClock "0:03:27"]
[BlackClock "0:03:17"]

1. d4 d5 2. c4 c6 3. Nc3 Nf6 4. e3 Bg4 5. f3 Be6 6. Nge2 dxc4 7. Nf4 Qc8 8. e4
g6 9. a4 Bg7 10. a5 O-O 11. Qa4 Nfd7 12. Be3 Rd8 13. Rd1 b5 14. axb6 Nxb6 15.
Qa3 Na6 16. Nxe6 fxe6 17. g3 Kf7 18. Bh3 Nc7 19. O-O Qa6 20. Qc5 Nd7 21. Qg5
Rac8 22. f4 h6 23. Qh4 Qb6 24. Rd2 Nf6 25. g4 Nb5 26. g5 Ng8 27. f5 Bxd4 28.
fxe6+ Kg7 29. Rxd4 Nxd4 30. gxh6+ Kh8 31. Qf2 Qc5 32. Nd5 1-0

[Event "International Championship of Central S"]
[Site "Paracin"]
[Date "2014.07.08"]
[Round "6.5"]
[White "Nestorovic, Dejan"]
[Black "Lajthajm, Borko"]
[Result "1-0"]
[ECO "D53"]
[WhiteElo "2408"]
[BlackElo "2526"]
[Annotator "Boban,Milojevic"]
[PlyCount "109"]
[EventDate "2014.??.??"]
[TimeControl "6000+900"]
[WhiteClock "0:03:00"]
[BlackClock "0:55:24"]

1. d4 d5 2. c4 e6 3. Nc3 Nf6 4. Bg5 Be7 5. e3 c6 6. cxd5 exd5 7. Bd3 Nbd7 8.
Qc2 Nf8 9. Nge2 Ne6 10. Bh4 g6 11. O-O O-O 12. Bxf6 Bxf6 13. b4 a6 14. a4 b6
15. Qb3 Bb7 16. Bb1 Qd6 17. Ba2 Rfd8 18. Rfd1 Qe7 19. Rac1 Rd7 20. b5 axb5 21.
axb5 c5 22. dxc5 Nxc5 23. Qb1 Qe5 24. Nd4 Qh5 25. h3 Ne4 26. Bb3 Ra5 27. Nxe4
dxe4 28. Bc4 Bxd4 29. Rxd4 Rxd4 30. exd4 Bd5 31. Bxd5 Qxd5 32. Rc8+ Kg7 33. Qb4
Rxb5 34. Qf8+ Kf6 35. Rd8 Qf5 36. Rd6+ Kg5 37. Qe7+ Kh6 38. Qf8+ Kg5 39. Qe7+
Kh6 40. Rf6 Qg5 41. Qf8+ Kh5 42. Qxf7 h6 43. Rxg6 Qxg6 44. g4+ Kg5 45. h4+ Kxh4
46. Qxg6 Rg5 47. Qxh6+ Kxg4 48. Qxb6 e3 49. Kf1 exf2 50. Kxf2 Kf4 51. Qe6 Rh5
52. Ke2 Rf5 53. Kd3 Kg5 54. d5 Rf6 55. Qe7 1-0

[Event "International Championship of Central S"]
[Site "Paracin"]
[Date "2014.07.08"]
[Round "6.6"]
[White "Savic, Miodrag R"]
[Black "Obodchuk, Andrei"]
[Result "1/2-1/2"]
[ECO "B22"]
[WhiteElo "2522"]
[BlackElo "2374"]
[Annotator "Boban,Milojevic"]
[PlyCount "73"]
[EventDate "2014.??.??"]
[TimeControl "6000+1465"]
[WhiteClock "0:01:03"]
[BlackClock "0:10:09"]

1. e4 c5 2. c3 d5 3. exd5 Qxd5 4. Nf3 Nf6 5. Be2 Nc6 6. O-O e5 7. Na3 e4 8. Ne1
Be7 9. d3 O-O 10. dxe4 Qxe4 11. Bf3 Qf5 12. Nc4 Be6 13. Ne3 Qe5 14. Qc2 Rad8
15. Nd3 Qc7 16. g3 Bd6 17. Bg2 c4 18. Ne1 Ne5 19. Nf3 Nxf3+ 20. Bxf3 Bc5 21.
Bd2 Rd3 22. Rae1 Qd7 23. Bc1 b5 24. Bg2 h5 25. h4 Bh3 26. Qe2 Bxg2 27. Kxg2 Re8
28. Qf3 Ng4 29. Kg1 Bxe3 30. Bxe3 Ne5 31. Qg2 Qf5 32. f3 Re6 33. Kh1 Rd7 34.
Bd4 Nd3 35. Rxe6 Qxe6 36. g4 Nf4 37. Qh2 1/2-1/2

[Event "International Championship of Central S"]
[Site "Paracin"]
[Date "2014.07.08"]
[Round "6.7"]
[White "Tosic, Srecko"]
[Black "Drenchev, Petar"]
[Result "1/2-1/2"]
[ECO "A45"]
[WhiteElo "2399"]
[BlackElo "2511"]
[Annotator "Boban,Milojevic"]
[PlyCount "58"]
[EventDate "2014.??.??"]
[TimeControl "6000+1055"]
[WhiteClock "0:28:44"]
[BlackClock "0:41:05"]

1. d4 Nf6 2. Bg5 d5 3. e3 e6 4. Nf3 c5 5. c3 Nc6 6. Nbd2 h6 7. Bh4 Qb6 8. Qb3
Bd7 9. Be2 Bd6 10. Bg3 Bxg3 11. hxg3 O-O 12. O-O Qa5 13. Rfd1 Rab8 14. a3 Rfe8
15. Qa2 c4 16. Ne5 Qc7 17. f4 b5 18. Qb1 a5 19. g4 Nh7 20. Nxf7 b4 21. axb4
axb4 22. Qc2 b3 23. Qg6 Ne7 24. Nxh6+ Kh8 25. Nf7+ Kg8 26. Nh6+ Kh8 27. Nf7+
Kg8 28. Qh5 Nf6 29. Qe5 Qb6 1/2-1/2

[Event "International Championship of Central S"]
[Site "Paracin"]
[Date "2014.07.08"]
[Round "6.1"]
[White "Egorov, Evgeny"]
[Black "Pikula, Dejan"]
[Result "1-0"]
[ECO "B00"]
[WhiteElo "2358"]
[BlackElo "2491"]
[Annotator "Boban,Milojevic"]
[PlyCount "55"]
[EventDate "2014.??.??"]
[TimeControl "6000+730"]
[WhiteClock "0:15:42"]
[BlackClock "0:05:12"]

1. e4 d6 2. Bc4 Nf6 3. Qe2 d5 4. exd5 Nxd5 5. Nf3 c5 6. Nc3 Nb6 7. Bb3 Nc6 8.
a4 Nd4 9. Nxd4 cxd4 10. a5 dxc3 11. axb6 cxb2 12. Bxb2 Qxb6 13. O-O Bd7 14.
Rfb1 e6 15. Bd5 Qc5 16. Bxb7 Rb8 17. Be4 Qc7 18. h3 Rb6 19. c4 Bc5 20. Bxg7 Rg8
21. Bc3 Qf4 22. Rxb6 Bxb6 23. Qf3 Qd6 24. d4 Bxd4 25. Qd3 e5 26. Rxa7 Bc6 27.
Bxd4 exd4 28. Qf3 1-0

[Event "International Championship of Central S"]
[Site "Paracin"]
[Date "2014.07.08"]
[Round "6.2"]
[White "Vojinovic, Goran"]
[Black "Nakhbayeva, Guliskhan"]
[Result "1/2-1/2"]
[ECO "C11"]
[WhiteElo "2460"]
[BlackElo "2300"]
[Annotator "Boban,Milojevic"]
[PlyCount "120"]
[EventDate "2014.??.??"]
[TimeControl "6000+555"]
[WhiteClock "0:16:50"]
[BlackClock "0:12:52"]

1. e4 e6 2. d4 d5 3. Nc3 Nf6 4. exd5 exd5 5. Bd3 c5 6. dxc5 Bxc5 7. Nf3 O-O 8.
O-O Nc6 9. h3 h6 10. Bf4 Be6 11. a3 Re8 12. Qd2 a6 13. Rfe1 d4 14. Ne4 Nxe4 15.
Rxe4 Qf6 16. Rae1 Red8 17. Ne5 Bf5 18. Ng4 Bxg4 19. hxg4 g5 20. Be5 Nxe5 21.
Rxe5 Bf8 22. Bc4 Qc6 23. Qd3 Rd7 24. Bb3 b5 25. Qf5 Raa7 26. Re6 Rd6 27. Re7
Rxe7 28. Rxe7 Rf6 29. Rxf7 Rxf5 30. Rf6+ Kg7 31. Rxc6 Rf6 32. Rc7+ Kg6 33. Bd5
Rd6 34. Be4+ Kf6 35. Kf1 Ke5 36. f3 Rb6 37. b4 Bd6 38. Rc6 Rxc6 39. Bxc6 Bc7
40. Bb7 a5 41. bxa5 Bxa5 42. Ba6 b4 43. a4 d3 44. Bxd3 Kd4 45. Ke2 Bc7 46. Bg6
Ba5 47. Bf7 Bc7 48. Bb3 Bb6 49. Bg8 Ba5 50. Bh7 Bc7 51. Bg6 Ba5 52. g3 Bc7 53.
Kf2 Kc4 54. Bf7+ Kc3 55. Bb3 Kd4 56. Bf7 Kc3 57. Bg6 Kc4 58. Bd3+ Kd4 59. Bh7
Kc4 60. Ke1 Kc5 1/2-1/2

[Event "International Championship of Central S"]
[Site "Paracin"]
[Date "2014.07.08"]
[Round "6.3"]
[White "Abramovic, Bosko"]
[Black "Brankovic, Dejan"]
[Result "1-0"]
[ECO "A05"]
[WhiteElo "2443"]
[BlackElo "2344"]
[Annotator "Boban,Milojevic"]
[PlyCount "71"]
[EventDate "2014.??.??"]
[TimeControl "6000+1475"]
[WhiteClock "0:18:50"]
[BlackClock "0:13:49"]

1. Nf3 Nf6 2. g3 g6 3. Bg2 Bg7 4. O-O O-O 5. c4 d6 6. Nc3 Nc6 7. d3 Bd7 8. Rb1
Qc8 9. b4 Bh3 10. b5 Bxg2 11. Kxg2 Nb8 12. e4 Nbd7 13. a4 a6 14. Qc2 Re8 15. h3
h6 16. Bd2 e6 17. Rfe1 c6 18. bxc6 bxc6 19. a5 Qc7 20. Na4 c5 21. Nb6 Ra7 22.
Rb3 Rb8 23. Reb1 Rab7 24. Bc3 Qc6 25. Qb2 Nxb6 26. axb6 Ne8 27. Bxg7 Nxg7 28.
Qd2 Rxb6 29. Rxb6 Rxb6 30. Rxb6 Qxb6 31. Qxh6 Ne8 32. Ng5 Nf6 33. Nxe6 Ne8 34.
Ng5 Qc7 35. Qh7+ Kf8 36. Qh6+ 1-0

[Event "International Championship of Central S"]
[Site "Paracin"]
[Date "2014.07.08"]
[Round "6.4"]
[White "Selbes, Tarik"]
[Black "Nestorovic, Nikola"]
[Result "0-1"]
[ECO "A01"]
[WhiteElo "2241"]
[BlackElo "2439"]
[Annotator "Boban,Milojevic"]
[PlyCount "68"]
[EventDate "2014.??.??"]
[TimeControl "6000+545"]
[WhiteClock "1:10:18"]
[BlackClock "0:41:34"]

1. b3 e5 2. Bb2 Nc6 3. e3 Nf6 4. Bb5 d6 5. d4 Bd7 6. Nf3 e4 7. Nfd2 d5 8. a3
Ne7 9. Be2 Ng6 10. c4 c6 11. Nc3 Bd6 12. b4 a6 13. Qb3 Be6 14. a4 O-O 15. Ba3
Nh4 16. g3 dxc4 17. Bxc4 Nf3+ 18. Nxf3 Bxc4 19. Qxc4 exf3 20. Qd3 Qe7 21. O-O
a5 22. e4 axb4 23. e5 bxa3 24. Qxf3 Bb4 25. exf6 Qxf6 26. Qxf6 gxf6 27. Ne4
Rfd8 28. Rfd1 Kg7 29. g4 Rxa4 30. Rd3 Rd5 31. Rf3 Rxd4 32. Nxf6 a2 33. h4 Be7
34. Nh5+ Kf8 0-1

[Event "International Championship of Central S"]
[Site "Paracin"]
[Date "2014.07.08"]
[Round "6.5"]
[White "Kosic, Dragan"]
[Black "Lekic, Lazar"]
[Result "1-0"]
[ECO "A46"]
[WhiteElo "2493"]
[BlackElo "2081"]
[Annotator "Boban,Milojevic"]
[PlyCount "75"]
[EventDate "2014.??.??"]
[TimeControl "6000+930"]
[WhiteClock "0:16:27"]
[BlackClock "0:03:09"]

1. d4 Nf6 2. Nf3 e6 3. e3 c5 4. Bd3 b6 5. O-O Bb7 6. c4 d6 7. Nc3 Be7 8. d5
exd5 9. cxd5 O-O 10. e4 Nbd7 11. h3 a6 12. a4 Re8 13. Bf4 Bf8 14. Re1 Ne5 15.
Nxe5 dxe5 16. Bd2 Bd6 17. Qf3 Bc8 18. b3 h6 19. Nb1 Bd7 20. Na3 Qb8 21. Bxh6 b5
22. Nc2 Qc8 23. axb5 axb5 24. Bd2 Rxa1 25. Rxa1 c4 26. bxc4 bxc4 27. Be2 c3 28.
Bg5 Nh7 29. Bc1 f5 30. exf5 e4 31. Qe3 Bxf5 32. Bb5 Bc5 33. Qg3 Rf8 34. Be3
Bxe3 35. Nxe3 Qb7 36. Ba4 Qa6 37. Nxf5 Rxf5 38. Qxc3 1-0

[Event "International Championship of Central S"]
[Site "Paracin"]
[Date "2014.07.08"]
[Round "6.6"]
[White "Pantelic, Sasa"]
[Black "Masic, Predrag"]
[Result "1/2-1/2"]
[ECO "E41"]
[WhiteElo "2312"]
[BlackElo "2356"]
[Annotator "Boban,Milojevic"]
[PlyCount "43"]
[EventDate "2014.??.??"]
[TimeControl "6000+1040"]
[WhiteClock "0:44:12"]
[BlackClock "0:50:45"]

1. d4 Nf6 2. c4 e6 3. Nc3 Bb4 4. e3 c5 5. Bd3 d5 6. cxd5 exd5 7. Nf3 Nc6 8.
dxc5 Bxc5 9. O-O O-O 10. a3 Bg4 11. h3 Be6 12. b4 Bd6 13. Nb5 Bb8 14. Bb2 Ne4
15. Nbd4 Nxd4 16. Bxd4 Ng5 17. Nxg5 Qxg5 18. f4 Qh4 19. f5 Bd7 20. Qf3 Qg3 21.
Rac1 a6 22. Qxg3 1/2-1/2

[Event "International Championship of Central S"]
[Site "Paracin"]
[Date "2014.07.08"]
[Round "6.7"]
[White "Andrijevic, Milan"]
[Black "Doric, Nenad"]
[Result "0-1"]
[ECO "B13"]
[WhiteElo "2336"]
[BlackElo "2316"]
[Annotator "Boban,Milojevic"]
[PlyCount "86"]
[EventDate "2014.??.??"]
[TimeControl "6000+1640"]
[WhiteClock "0:11:16"]
[BlackClock "0:23:57"]

1. e4 c6 2. d4 d5 3. exd5 cxd5 4. c4 Nf6 5. Nc3 Nc6 6. Nf3 Bg4 7. cxd5 Nxd5 8.
Qb3 Bxf3 9. gxf3 e6 10. Qxb7 Nxd4 11. Bb5+ Nxb5 12. Qc6+ Ke7 13. Qxb5 Qd7 14.
Nxd5+ Qxd5 15. Bg5+ f6 16. Qxd5 exd5 17. Be3 Ke6 18. O-O-O Bb4 19. Kb1 Rhd8 20.
Rd3 a6 21. Rc1 Rac8 22. Rxc8 Rxc8 23. Rb3 Rc4 24. a3 Ba5 25. Rb7 d4 26. Bc1 d3
27. b4 Bc7 28. Ra7 Rc6 29. a4 g5 30. b5 axb5 31. axb5 Rc5 32. Be3 Rxb5+ 33. Kc1
Ba5 34. Bd2 Bxd2+ 35. Kxd2 Rb2+ 36. Kxd3 Rxf2 37. Rxh7 Rxf3+ 38. Ke4 Rf4+ 39.
Ke3 Kf5 40. Ra7 Kg4 41. Ra2 Kh3 42. Rb2 Rf1 43. Ra2 f5 0-1

[Event "International Championship of Central S"]
[Site "Paracin"]
[Date "2014.07.08"]
[Round "6.8"]
[White "Nielsen, Hogni Egilstoft"]
[Black "Mulenko, Alexander"]
[Result "1-0"]
[ECO "B02"]
[WhiteElo "2212"]
[BlackElo "2000"]
[Annotator "Boban,Milojevic"]
[PlyCount "80"]
[EventDate "2014.??.??"]
[TimeControl "6000+1090"]
[WhiteClock "0:00:57"]
[BlackClock "0:30:46"]

1. e4 Nf6 2. Nc3 d5 3. exd5 Nxd5 4. d4 Nxc3 5. bxc3 g6 6. Bd3 Bg7 7. Be3 O-O 8.
Qd2 Nd7 9. Bh6 e5 10. Ne2 Re8 11. O-O c5 12. Rae1 e4 13. Bb5 a6 14. Bxd7 Bxd7
15. Bxg7 Kxg7 16. d5 Kg8 17. c4 b5 18. Qf4 f5 19. Nc3 b4 20. Nd1 g5 21. Qd6 Qe7
22. Qh6 Qg7 23. Qb6 Qd4 24. Qd6 Rad8 25. Qh6 Qg7 26. Qxa6 f4 27. Qd6 Qe7 28.
Qxe7 Rxe7 29. c3 Rb8 30. Re2 Bf5 31. Rd2 Bg4 32. d6 Rd7 33. cxb4 Rxb4 34. Nc3
Rxc4 35. Nd5 Kg7 36. Nb6 Rd4 37. Rxd4 cxd4 38. Nxd7 Bxd7 39. Rd1 d3 40. f3 e3
1-0